 Dungeon Crawl Stone Soup version 0.21.1-1-g345015f (webtiles) character file.

198 suicidejoker the Stinger (level 5, -2/34 HPs)
             Began as an Octopode Venom Mage on Mar 17, 2018.
             Killed by nerve-wracking pain
             ... invoked by an orc priest
              (9 damage)
             ... on level 3 of the Dungeon.
             The game lasted 00:09:38 (2628 turns).

suicidejoker the Stinger (Octopode Venom Mage)      Turns: 2628, Time: 00:09:39

Health: -2/34      AC:  1    Str:  8    XL:     5   Next: 77%
Magic:  9/9        EV: 11    Int: 15    God:
Gold:   140        SH:  7    Dex: 13    Spells: 0/9 levels left

rFire    . . .     SeeInvis .   e - +2 dagger (distort)
rCold    . . .     Gourm    .   k - +1 shield
rNeg     . . .     Faith    .   (helmet restricted)
rPois    +         Spirit   .   (no amulet)
rElec    .         Reflect  .   s - ring of poison resistance
rCorr    .         Harm     .   (no ring)
MR       .....                  (no ring)
Stlth    +++.......             (no ring)
HPRegen  0.11/turn              (no ring)
MPRegen  0.11/turn              (no ring)
                                (no ring)
                                (no ring)

@: drained
A: almost no armour, stealthy swim, amphibious, 8 rings, constrict 8, camouflage
1, dopey 1, gelatinous body 1
a: no special abilities


You were on level 3 of the Dungeon.
You were hungry.

You visited 1 branch of the dungeon, and saw 4 of its levels.

You collected 140 gold pieces.

Inventory:

Hand Weapons
 c - a +0 hunting sling
 e - a +2 dagger of distortion (weapon)
 m - a +3 quarterstaff of chaos
 u - a +1 dagger of speed
 v - a +1 dagger of draining
Missiles
 h - 83 stones (quivered)
 j - 32 bolts
 l - 2 poisoned needles
 p - 17 arrows
Armour
 k - a +1 shield (worn)
Jewellery
 s - a ring of poison resistance (left tentacle)
Wands
 n - a wand of random effects (25)
 q - a wand of disintegration (21)
Scrolls
 d - a scroll of remove curse
 g - a scroll of teleportation
 i - a scroll of identify
Potions
 f - 2 potions of flight
Books
 a - a Young Poisoner's Handbook

   Spells                             Type                      Level
   a - Sting                          Conjuration/Poison           1
   b - Poisonous Vapours              Poison/Air                   2
   c - Mephitic Cloud                 Conjuration/Poison/Air       3
   d - Olgreb's Toxic Radiance        Poison                       4
   e - Venom Bolt                     Conjuration/Poison           5
Comestibles
 b - 6 rations


   Skills:
 * Level 1.8(1.5) Fighting
 * Level 1.8(1.5) Short Blades
 * Level 2.9(2.6) Dodging
 + Level 3.5(3.1) Stealth
 * Level 2.8(2.4) Spellcasting
 * Level 2.3(1.9) Conjurations
 + Level 4.0(3.7) Poison Magic


You couldn't memorise any spells.
You knew the following spells:

 Your Spells              Type           Power        Failure   Level  Hunger
a - Sting                 Conj/Pois      ##..         43%         1    #......
b - Mephitic Cloud        Conj/Pois/Air  #.......     90%         3    ###....
c - Venom Bolt            Conj/Pois      ##........   100%        5    ######.


Dungeon Overview and Level Annotations

Branches:
Dungeon (4/15)
 Temple: D:4-7

Altars:

Annotations:
D:3 mole0619's ghost, amateur FoFi
Abyss:1 Jessica


Innate Abilities, Weirdness & Mutations

You cannot wear most types of armour.
You are very stealthy in the water. (Stealth+)
You are amphibious.
You can wear up to eight rings at the same time.
You can use your tentacles to constrict eight enemies at once.
Your skin changes colour to match your surroundings (Stealth+).
Your rubbery body absorbs attacks. (AC +1, EV +1)
You are dopey. (Int -2)


Message History

Okay, then.
There is a stone staircase leading up here.
You block the orc priest's attack.
You climb upwards.
Level annotation: mole0619's ghost, amateur FoFi
There is a stone staircase leading down here.
You closely miss the orc priest. You grab the orc priest.
You constrict the orc priest. The orc priest hits you.
* * * LOW HITPOINT WARNING * * *
You hit the orc priest but do no damage.
Space bends around the orc priest.
The orc priest is moderately wounded.
You constrict the orc priest.
The orc priest begins to cast a cantrip, but forgets the words!
You completely miss the orc priest.
The orc priest is moderately wounded.
You constrict the orc priest.
The orc priest invokes the aid of Beogh against you.
Pain shoots through your body!
You die...

###...##.####.###...##.#####..##.
P##.###..# #...###..#.# #..###
....###.#####.#.##.....#####...#
P...##..# #........#.#.....#.#.##
P....W.## #................#....#
♣♣♣♣PP## #....######........#...
P♣♣♣..##############.......#.....
.).P.###.......o..#..#...........
....##..........@...##.....##....
.#.###.#...................##....
....................#########....
†##.PPP♣P.........### #####
.#...♣♣♣.♣........# ....♣♣
♣♣♣♣P......# ....♣♣ ♣P.......#
.PP♣.♣♣ ♣♣♣..######
..P♣P.♣♣♣....#


You could see an orc priest.

Vanquished Creatures
  A hound (D:2)
  Crazy Yiuf (D:2)
  An orc wizard (D:3)
  An adder (D:2)
  An ooze (D:2)
  A dart slug (D:2)
  5 orcs
  2 ball pythons (D:2)
  5 bats
  A giant cockroach (D:2)
  14 goblins
  4 hobgoblins
  3 jackals (D:3)
  10 kobolds
  A quokka (D:3)
  2 frilled lizards
  3 rats (D:3)
56 creatures vanquished.

Vanquished Creatures (others)
  An orc priest (D:4)
  A bat (D:2)
2 creatures vanquished.

Grand Total: 58 creatures vanquished

Notes
Turn   | Place    | Note
-------+----------+-------------------------------------------
     0 | D:1      | suicidejoker the Octopode Venom Mage began the quest for the Orb.
     0 | D:1      | Reached XP level 1. HP: 11/11 MP: 3/3
   491 | D:1      | Reached XP level 2. HP: 16/17 MP: 1/5
   997 | D:2      | Reached XP level 3. HP: 21/22 MP: 1/6
  1206 | D:2      | Reached skill level 1 in Fighting
  1206 | D:2      | Reached XP level 4. HP: 22/28 MP: 7/7
  1212 | D:2      | Learned a level 3 spell: Mephitic Cloud
  1228 | D:2      | Reached skill level 1 in Short Blades
  1358 | D:2      | Noticed Jessica
  1365 | D:2      | Banished Jessica
  1463 | D:2      | Found a runed door.
  1467 | D:2      | Noticed Crazy Yiuf
  1471 | D:2      | Killed Crazy Yiuf
  1537 | D:2      | Reached skill level 4 in Poison Magic
  1537 | D:2      | Reached XP level 5. HP: 25/33 MP: 8/8
  1547 | D:2      | Learned a level 5 spell: Venom Bolt
  1637 | D:3      | Noticed mole0619's ghost (amateur FoFi)
  1802 | D:3      | Gained mutation: You are weak. (Str -2) [mutagenic glow]
  1876 | D:3      | Gained mutation: You are dopey. (Int -2) [mutagenic glow]
  1956 | D:3      | Lost mutation: You are weak. (Str -2) [mutagenic glow]
  2628 | D:3      | Killed from afar by an orc priest

Skill      XL: |  1  2  3  4 |
---------------+-------------+-----
Stealth        | 3 |  3.5
Fighting       | 1 |  1.8
Short Blades   | 1 |  1.8
Conjurations   | 2 |  2.3
Poison Magic   | 4 |  4.0
Dodging        | |  2.9
Spellcasting   | |  2.8

Action                   |  1- 3 |  4- 6 || total
-------------------------+-------+-------++-------
Melee: Unarmed           |    15 |       ||    15
       Dagger            |    24 |    86 ||   110
       Tentacles         |     7 |     9 ||    16
       Constrict         |     9 |    20 ||    29
 Cast: Sting             |     6 |     2 ||     8
  Use: Scroll            |       |     6 ||     6
       Potion            |       |     1 ||     1
 Stab: Sleeping          |     4 |     9 ||    13
       Distracted        |       |     1 ||     1
  Eat: Chunk             |     1 |     4 ||     5
Armor: Skin              |     2 |     9 ||    11
Dodge: Dodged            |    24 |    28 ||    52
Block: Shield            |     4 |    20 ||    24
